 Dungeon Crawl Stone Soup version 0.29.0-15-g675c0067aa (webtiles) character file.

Game seed: 2506523056012952544

1621 qw the Cleaver (level 8, -2/51 HPs)
             Began as a Gargoyle Delver on Sept 11, 2022.
             Slain by a two-headed ogre
             ... wielding a +0 giant club
              (24 damage)
             ... on level 6 of the Dungeon.
             The game lasted 00:02:22 (5766 turns).

qw the Cleaver (Gargoyle Delver)                    Turns: 5766, Time: 00:02:22

Health: -2/51      AC: 23    Str: 22    XL:     8   Next: 96%
Magic:  8/8        EV: 11    Int: 11    God:
Gold:   179        SH:  0    Dex: 11    Spells: 7/7 levels left

rFire   + + .      SeeInvis .   Y - +2 hand axe
rCold   . . .      Faith    .   (no shield)
rNeg    + + .      Spirit   .   j - +9 ring mail "Enkomamm" {rF++ rN+ Regen+ Str+4}
rPois   inf        Reflect  .   b - +0 helmet
rElec   +          Harm     .   (no cloak)
rCorr   .          Rampage  .   p - +0 pair of gloves
Will    .....                   d - +0 pair of boots
Stlth   ++........              (no amulet)
HPRegen 0.97/turn               (no ring)
MPRegen 0.11/turn               (no ring)

@: no status effects
A: sickness immunity, AC +5, negative energy resistance 1, electricity
resistance, torment resistance 1, petrification resistance
a: no special abilities


You were on level 6 of the Dungeon.
You visited 1 branch of the dungeon, and saw 6 of its levels.

You collected 224 gold pieces.
You spent 45 gold pieces at shops.


Innate Abilities, Weirdness & Mutations

You are immune to sickness and miasma.
Your stone body is resilient. (AC +5)
You are immune to poison.
You resist negative energy. (rN+)
You are resistant to electric shocks. (rElec)
You are resistant to unholy torment.
You are immune to petrification.


   Skills:
 - Level 6.2 Fighting
 + Level 8.4 Axes
 - Level 1.8 Throwing
 - Level 3.3 Armour
 - Level 1.5 Dodging
 - Level 5.4 Stealth


You had 7 spell levels left.
You didn't know any spells.
Your spell library was empty.

Inventory:

Hand Weapons
 c - a +2 flail of protection
 Y - a +2 hand axe (weapon)
Missiles
 m - a boomerang (quivered)
Armour
 b - a +0 helmet (worn)
 d - a +0 pair of boots (worn)
 j - the +9 ring mail "Enkomamm" (worn) {rF++ rN+ Regen+ Str+4}
   (You found it on level 3 of the Dungeon)

   Str:       It affects your strength (+4).
   rF:        It greatly protects you from fire.
   rN:        It protects you from negative energy.
   Regen:     It increases your rate of health regeneration.
 p - a +0 pair of gloves (worn)
Wands
 g - a wand of digging (5)
Scrolls
 e - 3 scrolls of teleportation
 i - a scroll of identify
Potions
 f - a potion of haste
 h - 2 potions of curing
 k - a potion of heal wounds
 n - a potion of resistance

Dungeon Overview and Level Annotations

Branches:
Dungeon (6/15)
 Temple: D:4-7

Altars:
Ashenzari
Gozag
Kikubaaqudgha
Makhleb
Qazlal
Trog
Vehumet
Xom
The Shining One

Shops:
D:3 [


Message History

5641 ||| FLEEEEING.
5642 ||| FLEEEEING.
You feel a little less clever now.
A centaur comes into view.
The centaur moves out of view.
5646 ||| FLEEEEING.
5653 ||| FLEEEEING.
There is a stone staircase leading up here.
5657 ||| STAIRDANCE You climb upwards.
There is a stone staircase leading down here.
You start waiting.
The sentinel's mark upon you fades away.
Done waiting.
Done exploring.
(D) Dungeon
Where to? (* - list waypoints, Enter - D:6, ? - help)
What level of the Dungeon? (default 1, ? - help)
You climb downwards.
There is a stone staircase leading up here.
You hit the two-headed ogre.
The two-headed ogre is lightly wounded.
The two-headed ogre hits you with a +0 giant club.
The two-headed ogre hits you with a +0 giant spiked club.
You slash the two-headed ogre!
The two-headed ogre is moderately wounded.
The centaur wields a +0 shortbow.
The centaur shoots an arrow.
The arrow hits you but does no damage.
A steam dragon comes into view.
You slash the two-headed ogre!
The two-headed ogre is heavily wounded.
A hound comes into view.
The two-headed ogre hits you with a +0 giant club!!
The two-headed ogre closely misses you.
The centaur shoots an arrow.
The arrow hits you but does no damage.
You hit the two-headed ogre. Your punch misses the two-headed ogre.
The two-headed ogre is heavily wounded.
The centaur shoots an arrow.
The arrow hits you but does no damage.
The two-headed ogre hits you with a +0 giant club!!
You die...

#..>........#
#...........##
#......).....###
#..............#
#...........O..#
#........####.##
##...D#### #.#
#..cO#### #.#
#....@.<####.#
#.......#....#
#####...#....O......
#...#.....c.....
#)..####........
#...# #....O...
#...# ########.
#####


You could see a two-headed ogre, a steam dragon and a centaur.

Vanquished Creatures
  Eustachio (D:4)
  Edmund (D:4)
  2 ice beasts (D:5)
  2 ogres
  A centaur (D:5)
  A phantom (D:5)
  A bullfrog (D:5)
  2 necrophages (D:5)
  Blork the orc (D:5)
  2 scorpions
  3 hounds
  2 gnoll boudas
  Natasha (twice) (D:2)
  Robin (D:2)
  5 gnolls
  14 adders
  A shadow imp (D:5)
  A white imp (D:5)
  An ufetubus (D:5)
  2 worms
  5 dart slugs
  6 orcs
  10 bats
  7 endoplasms
  17 goblins
  7 hobgoblins
  4 jackals
  7 kobolds
  3 quokkas
  7 ball pythons
  5 frilled lizards
  6 rats
130 creatures vanquished.

Vanquished Creatures (others)
  Natasha (D:2)
  A goblin (D:2)
  A hobgoblin (D:2)
3 creatures vanquished.

Grand Total: 133 creatures vanquished

Notes
Turn   | Place    | Note
-------+----------+-------------------------------------------
     0 | D:5      | qw the Gargoyle Delver began the quest for the Orb.
     0 | D:5      | Reached XP level 1. HP: 14/14 MP: 1/1
     0 | D:5      | 0 ||| qw: Version: 0.1-a-117-gfe26ee0
     0 | D:5      | 0 ||| qw: Game counter: 9993
     0 | D:5      | 0 ||| qw: Always use a shield: true
     0 | D:5      | 0 ||| qw: God list: Okawaru
     0 | D:5      | 0 ||| qw: Allow faded altars: false
     0 | D:5      | 0 ||| qw: Do Orc after D:15 true
     0 | D:5      | 0 ||| qw: Do second Lair branch before Depths: true
     0 | D:5      | 0 ||| qw: Lair rune preference: random
     0 | D:5      | 0 ||| qw: Plans: Normal
     0 | D:5      | 0 ||| PLANNING D:1-11
    19 | D:5      | 19 ||| DROPPING scroll of fog.
    20 | D:5      | 20 ||| DROPPING scroll of magic mapping.
    21 | D:5      | 21 ||| DROPPING scroll of fear.
    45 | D:3      | Noticed a fire elemental
    48 | D:3      | Noticed an air elemental
    51 | D:3      | Reached skill level 2 in Axes
   136 | D:3      | Found a stormy altar of Qazlal.
   139 | D:3      | Noticed a water elemental
   139 | D:3      | Noticed an earth elemental
   174 | D:3      | Reached XP level 2. HP: 16/19 MP: 2/2
   195 | D:3      | 195 ||| Stepping ~*~*~tactically~*~*~ (stealth).
   249 | D:3      | Reached skill level 3 in Axes
   249 | D:3      | Reached XP level 3. HP: 23/23 MP: 3/3
   315 | D:3      | Identified the +9 ring mail "Enkomamm" {rF++ rN+ Regen+
                  | Str+4}
   320 | D:3      | 320 ||| UPGRADING to +0 pair of boots.
   325 | D:3      | 325 ||| UPGRADING to +0 ring mail.
   335 | D:3      | 335 ||| DROPPING +0 leather armour.
   336 | D:3      | 336 ||| UPGRADING to +9 ring mail "Enkomamm" {rF++ rN+
                  | Regen+ Str+4}.
   346 | D:3      | 346 ||| DROPPING +0 ring mail.
   347 | D:3      | 347 ||| READING scroll labelled GAIROWIAQO.
   351 | D:3      | 351 ||| READING 2 scrolls labelled WANTEA GUNKEH.
   404 | D:2      | Noticed Robin
   419 | D:2      | Reached skill level 1 in Armour
   426 | D:2      | Noticed Natasha
   434 | D:2      | Killed Robin
   455 | D:2      | Killed Natasha
   456 | D:2      | Reached XP level 4. HP: 23/28 MP: 4/4
   476 | D:2      | Noticed Natasha
   478 | D:2      | 478 ||| Stepping ~*~*~tactically~*~*~ (stealth).
   479 | D:2      | 479 ||| Stepping ~*~*~tactically~*~*~ (stealth).
   509 | D:2      | Reached skill level 4 in Axes
   540 | D:2      | Found a faded altar of an unknown god.
   555 | D:2      | 555 ||| UPGRADING to +0 helmet.
   650 | D:1      | 650 ||| Stepping ~*~*~tactically~*~*~ (stealth).
   873 | D:1      | Reached XP level 5. HP: 32/32 MP: 5/5
   956 | D:1      | 956 ||| READING scroll labelled HAKHLO AKHLEXIPLUCS.
   957 | D:1      | 957 ||| READING scroll labelled ACOATO WEBOI.
  1049 | D:2      | 1049 ||| Stepping ~*~*~tactically~*~*~ (hiding).
  1151 | D:2      | 1151 ||| Stepping ~*~*~tactically~*~*~ (hiding).
  1253 | D:2      | 1253 ||| Stepping ~*~*~tactically~*~*~ (hiding).
  1355 | D:2      | 1355 ||| Stepping ~*~*~tactically~*~*~ (hiding).
  1457 | D:2      | 1457 ||| Stepping ~*~*~tactically~*~*~ (hiding).
  1559 | D:2      | 1559 ||| Stepping ~*~*~tactically~*~*~ (hiding).
  1661 | D:2      | 1661 ||| Stepping ~*~*~tactically~*~*~ (hiding).
  1763 | D:2      | 1763 ||| Stepping ~*~*~tactically~*~*~ (hiding).
  1865 | D:2      | 1865 ||| Stepping ~*~*~tactically~*~*~ (hiding).
  1967 | D:2      | 1967 ||| Stepping ~*~*~tactically~*~*~ (hiding).
  2069 | D:2      | 2069 ||| Stepping ~*~*~tactically~*~*~ (hiding).
  2099 | D:2      | Killed Natasha
  2171 | D:2      | 2171 ||| Stepping ~*~*~tactically~*~*~ (hiding).
  2273 | D:2      | 2273 ||| Stepping ~*~*~tactically~*~*~ (hiding).
  2604 | D:2      | Noticed Natasha
  2625 | D:2      | Killed Natasha
  2640 | D:2      | Reached skill level 5 in Axes
  2910 | D:2      | 2910 ||| READING 2 scrolls labelled XUSYVU YGUXI.
  2911 | D:2      | 2911 ||| DRINKING 2 lumpy silvery potions.
  2993 | D:3      | 2993 ||| Stepping ~*~*~tactically~*~*~ (hiding).
  3095 | D:3      | 3095 ||| Stepping ~*~*~tactically~*~*~ (hiding).
  3197 | D:3      | 3197 ||| Stepping ~*~*~tactically~*~*~ (hiding).
  3249 | D:3      | 3249 ||| READING scroll of enchant weapon.
  3249 | D:3      | 3249 ||| ENCHANTING +1 hand axe.
  3433 | D:3      | 3433 ||| Stepping ~*~*~tactically~*~*~ (stealth).
  3434 | D:3      | 3434 ||| Stepping ~*~*~tactically~*~*~ (stealth).
  3542 | D:3      | Found Risebrekk's Armour Shoppe.
  3547 | D:3      | 3547 ||| BUYING +0 pair of gloves (45 gold).
  3547 | D:3      | Bought a +0 pair of gloves for 45 gold pieces
  3547 | D:3      | 3547 ||| SHOPLISTING +2 buckler of protection (215 gold,
                  | have 64).
  3547 | D:3      | 3547 ||| SHOPLISTING +2 helmet of see invisible (215 gold,
                  | have 64).
  3671 | D:3      | Reached XP level 6. HP: 38/38 MP: 6/6
  3691 | D:3      | 3691 ||| UPGRADING to +0 pair of gloves.
  3696 | D:3      | 3696 ||| READING scroll labelled UHOQEE ATEN XECHU.
  3697 | D:3      | 3697 ||| DRINKING 2 bubbling emerald potions.
  3698 | D:3      | 3698 ||| DROPPING potion of attraction.
  3777 | D:4      | Noticed Edmund
  3797 | D:4      | Killed Edmund
  3798 | D:4      | 3798 ||| Stepping ~*~*~tactically~*~*~ (stealth).
  3799 | D:4      | 3799 ||| Stepping ~*~*~tactically~*~*~ (stealth).
  3807 | D:4      | 3807 ||| DROPPING +2 mace of venom.
  3843 | D:4      | Noticed Eustachio
  3877 | D:4      | Killed Eustachio
  3878 | D:4      | Reached skill level 6 in Axes
  3878 | D:4      | Reached XP level 7. HP: 43/43 MP: 7/7
  3946 | D:4      | Found a radiant altar of Vehumet.
  3951 | D:4      | 3951 ||| Stepping ~*~*~tactically~*~*~ (hiding).
  4053 | D:4      | 4053 ||| Stepping ~*~*~tactically~*~*~ (hiding).
  4104 | D:4      | 4104 ||| Stepping ~*~*~tactically~*~*~ (stealth).
  4113 | D:4      | 4113 ||| Stepping ~*~*~tactically~*~*~ (hiding).
  4115 | D:4      | 4115 ||| Stepping ~*~*~tactically~*~*~ (stealth).
  4132 | D:4      | 4132 ||| Stepping ~*~*~tactically~*~*~ (hiding).
  4145 | D:4      | Identified the +2 scale mail of Lifelessness {+Blink rF++
                  | Str-5}
  4187 | D:4      | Found a glowing golden altar of the Shining One.
  4347 | D:4      | 4347 ||| Stepping ~*~*~tactically~*~*~ (stealth).
  4363 | D:4      | Reached skill level 7 in Axes
  4499 | D:4      | 4499 ||| DROPPING ring of flight.
  4500 | D:4      | 4500 ||| READING scroll labelled GITTIT JETIHO.
  4501 | D:4      | 4501 ||| READING 2 scrolls of identify.
  4501 | D:4      | 4501 ||| IDENTIFYING fizzy black potion
  4502 | D:4      | 4502 ||| DROPPING potion of magic.
  4551 | D:5      | Noticed Blork the orc
  4567 | D:5      | Killed Blork the orc
  4602 | D:5      | 4602 ||| Stepping ~*~*~tactically~*~*~ (stealth).
  4685 | D:5      | 4685 ||| Stepping ~*~*~tactically~*~*~ (hiding).
  4706 | D:5      | Reached skill level 1 in Throwing
  4706 | D:5      | Reached XP level 8. HP: 48/49 MP: 8/8
  4714 | D:5      | 4714 ||| Stepping ~*~*~tactically~*~*~ (stealth).
  4765 | D:5      | 4765 ||| Stepping ~*~*~tactically~*~*~ (stealth).
  4767 | D:5      | 4767 ||| Stepping ~*~*~tactically~*~*~ (stealth).
  4769 | D:5      | 4769 ||| Stepping ~*~*~tactically~*~*~ (stealth).
  4794 | D:5      | Found a burning altar of Makhleb.
  4887 | D:5      | 4887 ||| FLEEEEING.
  4891 | D:5      | 4891 ||| FLEEEEING.
  4892 | D:5      | 4892 ||| FLEEEEING.
  4896 | D:5      | 4896 ||| FLEEEEING.
  4897 | D:5      | 4897 ||| FLEEEEING.
  4898 | D:5      | 4898 ||| Stepping ~*~*~tactically~*~*~ (hiding).
  5109 | D:5      | Found a shimmering altar of Xom.
  5109 | D:5      | Found a bloodstained altar of Trog.
  5115 | D:5      | Found an opulent altar of Gozag.
  5117 | D:5      | Found an ancient bone altar of Kikubaaqudgha.
  5119 | D:5      | Found a broken altar of Ashenzari.
  5228 | D:5      | Reached skill level 8 in Axes
  5248 | D:5      | Reached skill level 3 in Armour
  5263 | D:5      | Reached skill level 6 in Fighting
  5307 | D:5      | 5307 ||| Stepping ~*~*~tactically~*~*~ (hiding).
  5327 | D:5      | 5327 ||| Stepping ~*~*~tactically~*~*~ (stealth).
  5329 | D:5      | 5329 ||| Stepping ~*~*~tactically~*~*~ (stealth).
  5338 | D:5      | 5338 ||| Stepping ~*~*~tactically~*~*~ (stealth).
  5340 | D:5      | 5340 ||| Stepping ~*~*~tactically~*~*~ (stealth).
  5342 | D:5      | 5342 ||| Stepping ~*~*~tactically~*~*~ (stealth).
  5344 | D:5      | 5344 ||| Stepping ~*~*~tactically~*~*~ (stealth).
  5346 | D:5      | 5346 ||| Stepping ~*~*~tactically~*~*~ (stealth).
  5348 | D:5      | 5348 ||| Stepping ~*~*~tactically~*~*~ (stealth).
  5350 | D:5      | 5350 ||| Stepping ~*~*~tactically~*~*~ (stealth).
  5352 | D:5      | 5352 ||| Stepping ~*~*~tactically~*~*~ (stealth).
  5489 | D:5      | 5489 ||| READING scroll labelled XUFIANGOUV.
  5590 | D:5      | 5590 ||| READING scroll labelled QOPPEA GEIXTA.
  5591 | D:5      | 5591 ||| DRINKING 2 emerald potions.
  5592 | D:5      | 5592 ||| READING 4 scrolls of identify.
  5592 | D:5      | 5592 ||| IDENTIFYING red potion
  5593 | D:5      | 5593 ||| READING 3 scrolls of identify.
  5593 | D:5      | 5593 ||| IDENTIFYING inky potion
  5594 | D:5      | 5594 ||| READING 2 scrolls of identify.
  5594 | D:5      | 5594 ||| IDENTIFYING puce potion
  5595 | D:5      | 5595 ||| DROPPING potion of flight.
  5596 | D:5      | 5596 ||| DROPPING potion of brilliance.
  5637 | D:6      | Noticed a two-headed ogre
  5641 | D:6      | 5641 ||| FLEEEEING.
  5642 | D:6      | 5642 ||| FLEEEEING.
  5646 | D:6      | 5646 ||| FLEEEEING.
  5653 | D:6      | 5653 ||| FLEEEEING.
  5657 | D:6      | 5657 ||| STAIRDANCE
  5766 | D:6      | Slain by a two-headed ogre

Levels and vault maps discovered:
D:1:      lightli_arrival_boilingwater, layout_rooms
D:2:      layout_loops_ring, basic_ecumenical_altar, lemuel_old_faithful,
          uniq_robin, uniq_natasha
D:3:      layout_basic, nicolae_qazlal_style_of_elements, serial_shops, shop,
          dreamdust_princess_bridge, serial_park_tiny_pond
D:4:      minmay_diamond_boxcup, layout_rooms, nicolae_vehumet_radiance,
          amcnicky_altar_gilded, serial_bayou_pond_e, uniq_edmund,
          uniq_eustachio
D:5:      layout_basic, chequers_temple_overflow_minitemple,
          general_overflow_altar, minmay_joined_circles, uniq_blork_the_orc
D:6:      layout_basic, nicolae_dithmenos_through_a_glass_darkly,
          mainiacjoe_overflow_two_lobes, minmay_temple_entry_trees

Skill      XL: |  1  2  3  4  5  6  7  8 |
---------------+-------------------------+-----
Axes           | 2 3 4 5 6 7 8 |  8.4
Armour         | 1 2 3 |  3.3
Fighting       | 4 5 6 |  6.2
Throwing       | 1 |  1.8
Dodging        | |  1.5
Stealth        | |  5.4

Action                   |  1- 3 |  4- 6 |  7- 9 || total
-------------------------+-------+-------+-------++-------
Melee: Hand axe          |    74 |   205 |   203 ||   482
       Punch             |       |     2 |     2 ||     4
Throw: Boomerang         |       |    46 |    21 ||    67
  Use: Scroll            |     2 |     5 |     7 ||    14
       Potion            |       |     2 |     1 ||     3
 Stab: Sleeping          |     1 |       |     1 ||     2
Armor: Leather armour    |    12 |       |       ||    12
       Ring mail         |    31 |   118 |   108 ||   257
Dodge: Dodged            |    46 |   143 |    92 ||   281

Table legend:
 A = Non-vault XP
 B = Vault XP
 C = Vault XP percentage of total XP
 D = Non-vault monster count
 E = Vault monster count
 F = Vault count percentage of total count
                 A         B        C        D         E       F
            +---------+---------+-------+---------+---------+-------
      Total |    1241 |    1076 |  46.4 |      88 |      42 |  32.3
            +---------+---------+-------+---------+---------+-------
        D:1 |      35 |       0 |   0.0 |      21 |       0 |   0.0
        D:2 |     119 |      76 |  39.0 |      21 |      14 |  40.0
        D:3 |     110 |       0 |   0.0 |      20 |       0 |   0.0
        D:4 |     281 |     442 |  61.1 |      14 |       9 |  39.1
        D:5 |     651 |     558 |  46.2 |      10 |      19 |  65.5
        D:6 |      45 |       0 |   0.0 |       2 |       0 |   0.0
            +---------+---------+-------+---------+---------+-------
